Map: Beckett Industries LE

Players

Seither - Winner!

  • Race: Terran Terran
  • League: Grandmaster

Ranger

  • Race: Protoss Protoss
  • League: Grandmaster

Event: DreamHack SC2 Masters 2021 Summer

VOD

Have the link to the VOD?

Description

Time

  • Played on: May 22, 2021, 4:39 a.m.
  • Length: 9:17

All games in this series

Show
View Real Time Build Order
Export as new Build Order

Seither Terran - Winner!

Build Orders:  

Get SALT Encoding   

  12  0:00  SCV  
  13  0:12  SCV  
  14  0:17  Supply Depot  
  14  0:24  SCV  
  15  0:38  SCV  
  15  0:40  Barracks  
  16  0:50  Refinery  
  16  0:51  SCV  
  17  1:03  SCV  
  18  1:09  Engineering Bay  
  18  1:15  SCV  
  19  1:29  Orbital Command  
  19  1:30  Marine  
  20  1:41  Supply Depot  
  20  1:50  Marine  
  20  1:52  Factory  
  21  1:56  SCV  
  22  2:01  Refinery  
  22  2:08  Marine  
  23  2:15  SCV  
  23  2:17  Bunker  
  24  2:26  Marine  
  24  2:28  SCV  
  26  2:30  Supply Depot  
  26  2:36  Factory Tech Lab  
  26  2:42  Starport  
  26  2:46  SCV  
  26  2:50  Marine  
  28  3:01  Cyclone  
  31  3:07  SCV  
  31  3:10  Supply Depot  
  32  3:13  Marine  
  33  3:23  Viking  
  35  3:36  Cyclone  
  35  3:40  SCV  
  38  3:43  Supply Depot  
  38  3:50  Marine  
  39  4:04  Viking  
  39  4:08  Marine  
  40  4:14  Cyclone  
  43  4:24  Supply Depot  
  43  4:26  Marine  
  44  4:34  Viking  
  43  4:40  Bunker  
  40  4:47  Cyclone  
  40  4:49  Marine  
  44  4:57  Supply Depot  
  43  5:07  Viking  
  45  5:14  SCV  
  46  5:28  Siege Tank  
  49  5:30  Marine  
  49  5:32  SCV  
  51  5:42  Viking  
  53  5:51  Marine  
  53  5:55  SCV, Supply Depot  
  54  6:07  Cyclone  
  54  6:08  Marine  
  58  6:16  Viking  
  57  6:31  SCV  
  57  6:32  Marine  
  59  6:34  Supply Depot  
  59  6:39  Siege Tank  
  62  6:45  SCV  
  63  6:51  Supply Depot  
  63  6:52  Starport Tech Lab  
  63  6:56  Marine  
  64  7:11  Raven  
  66  7:25  Marine  
  67  7:30  Command Center  
  67  7:47  Siege Tank  
  60  8:06  Banshee  
  57  8:16  Bunker, Marine  
  58  8:25  Siege Tank  
  58  8:34  Marine  
  54  8:37  SCV  
  49  8:51  Marine  
Show
View Real Time Build Order
Export as new Build Order

Ranger Protoss 

Build Orders: Proxy Void Ray 

Get SALT Encoding   

  12  0:02  Probe  
  13  0:14  Probe  
  14  0:17  Pylon  
  14  0:26  Probe (Chrono Boost)  
  15  0:37  Gateway  
  15  0:38  Probe (Chrono Boost)  
  16  0:45  Probe (Chrono Boost)  
  16  0:47  Assimilator  
  17  0:52  Probe  
  18  0:57  Assimilator  
  18  1:04  Probe  
  19  1:16  Probe  
  20  1:24  Cybernetics Core  
  20  1:28  Probe  
  20  1:31  Pylon  
  21  1:37  Zealot  
  23  2:02  Adept (Chrono Boost), Stargate  
  23  2:03  Shield Battery  
  24  2:08  Probe  
  25  2:23  Pylon, Probe  
  26  2:36  Warp Gate  
  26  2:37  Probe  
  26  2:39  Void Ray (Chrono Boost)  
  31  2:53  Shield Battery  
  31  3:02  Shield Battery  
  31  3:03  Shield Battery  
  31  3:06  Void Ray (Chrono Boost)  
  35  3:25  Pylon, Probe  
  36  3:37  Void Ray (Chrono Boost)  
  36  3:45  Shield Battery  
  40  3:50  Shield Battery  
  40  3:51  Shield Battery  
  38  4:06  Gateway  
  38  4:11  Void Ray (Chrono Boost)  
  38  4:22  Pylon  
  42  4:39  Shield Battery  
  38  4:49  Twilight Council  
  38  4:53  Gateway  
  38  4:55  Stalker  
  40  5:03  Shield Battery  
  40  5:10  Void Ray  
  44  5:33  Stalker  
  44  5:37  Blink (Chrono Boost)  
  44  5:41  Stalker  
  46  5:51  Stalker  
  44  6:22  Stalker x3  
  38  6:28  Shield Battery  
  38  6:32  Shield Battery  
  38  6:46  Stalker x2  
  42  6:52  Pylon  
  42  7:01  Stalker  
  44  7:09  Stalker  
  44  7:12  Stalker  
  48  7:24  Stalker  
  50  7:32  Stalker  
  52  7:37  Stalker  
  48  7:56  Stalker x2  
Tags
 
Add a new tag
Caveats
  • Supply blocks, unpowered buildings, or Contaminate may cause inaccurate times.
  • Supply counts are checked every 10 seconds.